 Dungeon Crawl Stone Soup version 0.29.1-12-g30fa7ad0bf (webtiles) character file.

Game seed: 17908001032325946816

1366 croobank the Conjurer (level 8, -5/60 HPs)
             Began as a Demonspawn Conjurer on Dec 29, 2022.
             Was an Initiate of Gozag.
             Slain by an iguana (10 damage)
             ... on level 6 of the Dungeon.
             The game lasted 00:16:08 (6191 turns).

croobank the Conjurer (Demonspawn Conjurer)         Turns: 6191, Time: 00:16:08

Health: -5/60      AC:  1    Str:  7    XL:     8   Next: 38%
Magic:  19/23      EV: 13    Int: 23    God:    Gozag
Gold:   235        SH:  0    Dex: 11    Spells: 2/15 levels left

rFire   . . .      SeeInvis .   a - +4 dagger (venom)
rCold   . . .      Faith    .   (no shield)
rNeg    . . .      Spirit   .   v - +1 robe {Will+}
rPois   .          Reflect  .   (helmet restricted)
rElec   .          Harm     .   h - +0 cloak
rCorr   .          Rampage  .   s - +0 pair of gloves
Will    +....                   (no boots)
Stlth   ++........              (no amulet)
HPRegen 0.20/turn               u - ring of magical power
MPRegen 0.18/turn               (no ring)

@: corroded, mesmerised, very slightly contaminated
A: horns 2, ignite blood 2, demonic magic 1
a: Renounce Religion, Potion Petition, Call Merchant, Bribe Branch


You were on level 6 of the Dungeon.
You worshipped Gozag.
Gozag was aware of your devotion.
You visited 2 branches of the dungeon, and saw 7 of its levels.
You also visited: Ossuary.

You collected 309 gold pieces.
You paid 74 gold pieces to Gozag.

Inventory:

Hand Weapons
 a - a +4 dagger of venom (weapon)
 n - a +0 long sword
Armour
 h - a +0 cloak (worn)
 l - an orb of wrath
 s - a +0 pair of gloves (worn)
 v - a +1 robe of willpower (worn)
Jewellery
 t - a ring of fire
 u - a ring of magical power (left hand)
Wands
 y - a wand of quicksilver (3)
Scrolls
 c - a scroll of blinking
 e - 6 scrolls of teleportation
 j - a scroll of enchant weapon
 r - a scroll of poison
Potions
 b - a potion of magic
 d - 3 potions of flight
 f - a potion of mutation
 g - 2 potions of lignification
 i - 5 potions of haste
 k - 2 potions of heal wounds
 m - 2 potions of cancellation {unknown}
 o - 2 potions of might {unknown}
 q - 4 potions of curing {unknown}
 w - a potion of ambrosia {unknown}
 x - 2 potions of invisibility {unknown}


   Skills:
 + Level 3.7 Fighting
 + Level 4.1 Dodging
 + Level 4.3 Stealth
 + Level 4.1 Spellcasting
 + Level 5.6 Conjurations
 + Level 3.0 Hexes
 * Level 1.3 Translocations
 + Level 2.5 Earth Magic


You had 2 spell levels left.
You knew the following spells:

 Your Spells              Type           Power      Damage    Failure   Level
a - Magic Dart            Conj           100%       1d8       1%          1
b - Searing Ray           Conj           60%        2d6       1%          2
c - Dazzling Flash        Conj/Hex       48%        N/A       5%          3
d - Stone Arrow           Conj/Erth      46%        3d9       6%          3
e - Iskenderun's Mystic   Conj/Tloc      20%        2d6       24%         4

Your spell library contained the following spells:

 Spells                   Type           Power      Damage    Failure   Level
 Sandblast                Erth           32%        2d9       3%          1
 Blink                    Tloc           20%        N/A       9%          2
 Passwall                 Tmut/Erth      8%         N/A       10%         2
 Beastly Appendage        Tmut           8%         N/A       11%         1
 Wereblood                Tmut           4%         N/A       16%         2
 Fulminant Prism          Conj/Hex       12%        3d9       17%         4
 Lesser Beckoning         Tloc           10%        N/A       19%         3
 Spider Form              Tmut/Pois      4%         N/A       30%         3
 Manifold Assault         Tloc           10%        N/A       86%         5


Dungeon Overview and Level Annotations

Branches:
Dungeon (6/15)             Temple (1/1) D:5         Ossuary (visited)

Altars:
Ashenzari
Cheibriados
Dithmenos
Fedhas
Gozag
Kikubaaqudgha
Nemelex Xobeh
Qazlal
Ru
Sif Muna
Trog
Uskayaw
Vehumet
Wu Jian
Yredelemnul

Shops:
D:3 =   D:4 [(

Annotations:
D:4 3 runed translucent doors, croobank's ghost, amateur DsCj
D:6 Maggie


Innate Abilities, Weirdness & Mutations

You have a pair of horns on your head.
Your demonic aura often causes spilled blood to erupt in flames.
Spells you cast may paralyse adjacent enemies.


Message History

There is a staircase to the Ecumenical Temple here.
There is a stone staircase leading down here.
You climb downwards.
The iguana hisses angrily.
Found an inky potion, a book of the Senses and 5 stones.
There is a stone staircase leading up here.
There are monsters nearby!
Maggie the Vainglorious comes into view.
She is wielding a +0 halberd.
Found a stone staircase leading down.
Maggie mumbles some strange words.
Maggie attempts to bespell you! You resist.
The helpless acid dragon fails to defend itself.
You puncture the acid dragon!
The acid dragon is poisoned.
The acid dragon is moderately wounded.
The acid dragon bites you! The acid dragon claws you.
You completely miss the acid dragon.
The acid dragon is moderately wounded.
The acid dragon spits acid at you. The splash of acid hits you!!
The acid corrodes you! Maggie gestures at you while chanting.
The bolt of fire misses you.
You hear a shout! x2
The acid dragon attacks as you move away!
The acid dragon bites you! The acid dragon closely misses you.
Maggie mumbles some strange words.
Maggie attempts to bespell you!
You are mesmerised by Maggie!
Casting: Searing Ray (safe; 1% risk of failure)
Confirm with . or Enter, or press ? or * to list all spells.
You miscast Iskenderun's Mystic Blast.
You are very lightly contaminated with residual magic.
Nothing appears to happen.
The acid dragon misses you. The acid dragon barely misses you.
The iguana misses you. The acid dragon spits acid at you.
The splash of acid hits you!!
* * * LOW HITPOINT WARNING * * *
Maggie says, "Fear not.
I will immortalize you in the tale of my first kill."
The iguana bites you!
You die...
Your body crumbles into a pile of gold.

$ ..(........#
......##>..#
#....##...# #
#..:.##...#
##.#....##@!.##
#.............####
.........lD.......
#......<@.°...#
...#...#####......
#... .###. #... #
##.. #.. ... #.#


You could see Maggie (mesmerising), an acid dragon (very poisoned, catching
breath) and an iguana.

Vanquished Creatures
  A wyvern (D:5)
  6 elf zombies (Ossuary)
  A scorpion (D:5)
  2 howler monkeys (D:5)
  2 centaur zombies (Ossuary)
  A jelly (D:5)
  A gnoll bouda (D:5)
  3 hounds (D:5)
  An orc priest (D:5)
  4 human zombies (Ossuary)
  Terence (D:3)
  Ijyb (D:5)
  2 orc wizards (D:3)
  3 mummies (Ossuary)
  3 gnolls (D:5)
  6 adders
  2 worms
  4 dart slugs (D:1)
  19 orcs
  5 bats
  6 endoplasms
  3 giant cockroaches
  5 goblins
  3 hobgoblins
  6 kobolds
  3 quokkas
  8 ball pythons
  5 frilled lizards
  4 rats
111 creatures vanquished.

Notes
Turn   | Place    | Note
-------+----------+-------------------------------------------
     0 | D:1      | croobank the Demonspawn Conjurer began the quest for the
                  | Orb.
     0 | D:1      | Reached XP level 1. HP: 13/13 MP: 3/3
   172 | D:1      | Gained mutation: Spells you cast may paralyse adjacent
                  | enemies. [demonic ancestry]
   172 | D:1      | Reached XP level 2. HP: 7/19 MP: 1/5
  1226 | D:1      | Learned a level 2 spell: Searing Ray
  1289 | D:1      | Gained mutation: Your demonic aura sometimes causes spilled
                  | blood to erupt in flames. [demonic ancestry]
  1289 | D:1      | Reached XP level 3. HP: 17/25 MP: 2/6
  1293 | D:1      | Learned a level 3 spell: Dazzling Flash
  1447 | D:2      | Found a blossoming altar of Fedhas.
  1451 | D:2      | Reached skill level 1 in Fighting
  1812 | D:2      | Gained mutation: You have a pair of small horns on your
                  | head. [demonic ancestry]
  1812 | D:2      | Reached XP level 4. HP: 32/32 MP: 7/7
  2377 | D:3      | Noticed Terence
  2392 | D:3      | Killed Terence
  2603 | D:3      | Found Loumit's Jewellery Shoppe.
  2737 | D:3      | Reached XP level 5. HP: 38/38 MP: 9/9
  2858 | D:3      | Found a faded altar of an unknown god.
  3118 | D:3      | Learned a level 3 spell: Stone Arrow
  3331 | D:4      | Found Ikeomooj's Weapon Emporium.
  3416 | D:4      | Found a runed translucent gate.
  3416 | D:4      | Found a runed translucent gate.
  3422 | D:4      | Noticed croobank's ghost (amateur DsCj)
  3435 | D:4      | Found Ynen's Armour Boutique.
  3563 | D:4      | Found a sand-covered staircase.
  3568 | Ossuary  | Entered an ossuary
  3628 | Ossuary  | Gained mutation: You have a pair of horns on your head.
                  | [demonic ancestry]
  3628 | Ossuary  | Reached XP level 6. HP: 38/44 MP: 8/10
  3636 | Ossuary  | Reached skill level 1 in Hexes
  3648 | Ossuary  | Reached skill level 1 in Earth Magic
  3877 | Ossuary  | Reached skill level 5 in Conjurations
  3908 | Ossuary  | Reached XP level 7. HP: 47/51 MP: 12/12
  4450 | D:4      | Found a blossoming altar of Fedhas.
  4530 | D:4      | Found a runed translucent gate.
  4716 | D:5      | Entered Level 5 of the Dungeon
  5056 | D:5      | Gained mutation: Your demonic aura often causes spilled
                  | blood to erupt in flames. [demonic ancestry]
  5056 | D:5      | Reached XP level 8. HP: 58/58 MP: 11/13
  5151 | D:5      | Found a staircase to the Ecumenical Temple.
  5173 | Temple   | Entered the Ecumenical Temple
  5238 | Temple   | Became a worshipper of Gozag Ym Sagoz the Greedy
  5426 | D:5      | Learned a level 4 spell: Iskenderun's Mystic Blast
  5482 | D:5      | Noticed Ijyb
  5492 | D:5      | Killed Ijyb
  5873 | D:5      | Reached skill level 1 in Translocations
  6184 | D:6      | Noticed Maggie
  6191 | D:6      | Slain by an iguana

Illustrated notes

Levels and vault maps discovered:
D:1:      roderic_chinese_lattice_arrival, layout_basic, minmay_crystal_room
D:2:      layout_loops_ring, basic_altar, grunt_ministairs_15
D:3:      layout_basic, elyvilon_altar_1, serial_shops, nicolae_lakefront_shop,
          hellmonk_ecumenical_altar_crossroads, corexii_item_surrounded_by_moat,
          uniq_terence
D:4:      layout_cave_pools, mainiacjoe_overflow_big_doors, gammafunk_ghost_icy,
          enter_ossuary_2, serial_shops, kennysheep_mini_moat,
          nicolae_inconvenience_store
D:5:      minmay_chambers_of_fours, layout_cave_pools,
          minmay_temple_entry_waves, st_stairs_6, uniq_ijyb
D:6:      layout_loops_ring, uniq_menkaure, uniq_maggie,
          uniq_crazy_yiuf_cottage, uniq_edmund
Temple:   nicolae_temple_superstar

Skill      XL: |  1  2  3  4  5  6  7  8 |
---------------+-------------------------+-----
Stealth        | 2 3 4 |  4.3
Dodging        | 2 3 4 |  4.1
Fighting       | 1 2 3 |  3.7
Spellcasting   | 3 4 |  4.1
Hexes          | 1 2 3 |  3.0
Earth Magic    | 1 2 |  2.5
Conjurations   | 5 |  5.6
Translocations | 1 |  1.3

Action                   |  1- 3 |  4- 6 |  7- 9 || total
-------------------------+-------+-------+-------++-------
Melee: Dagger            |    53 |    78 |    29 ||   160
       Headbutt          |       |    16 |     1 ||    17
 Cast: Magic Dart        |    24 |    14 |    39 ||    77
       Searing Ray       |     1 |    21 |    24 ||    46
       Dazzling Flash    |       |     1 |     2 ||     3
  Use: Scroll            |       |     9 |     4 ||    13
 Stab: Sleeping          |     5 |     5 |     3 ||    13
       Paralysed         |     1 |    16 |     4 ||    21
       Invisible         |       |     2 |       ||     2
Armor: Robe              |     9 |    18 |    11 ||    38
Dodge: Dodged            |    33 |    50 |    36 ||   119
